 Dungeon Crawl Stone Soup version 0.29-a0-961-gfab03dca74 (webtiles) character file.

Game seed: 17563693749993022650

71386 Essalna the Fighter (level 14, -6/159 HPs)
             Began as a Grey Draconian Transmuter on July 29, 2022.
             Was an Initiate of Gozag.
             Splashed by a goliath frog's acid (8 damage)
             ... on level 2 of the Swamp on July 30, 2022.
             The game lasted 00:51:57 (27682 turns).

Essalna the Fighter (Grey Draconian Transmuter)    Turns: 27682, Time: 00:51:58

Health: -6/159     AC: -1    Str: 24    XL:     14   Next: 97%
Magic:  17/17      EV: 14    Int: 18    God:    Gozag
Gold:   2750       SH:  0    Dex: 13    Spells: 6/17 levels left

rFire   x . .      SeeInvis .     - Unarmed
rCold   + + +      Faith    .   (shield currently unavailable)
rNeg    . . .      Spirit   .   (body armour unavailable)
rPois   +          Reflect  .   (helmet currently unavailable)
rElec   .          Harm     .   (cloak currently unavailable)
rCorr   .          Rampage  .   (gloves currently unavailable)
Will    +....                   (boots currently unavailable)
Stlth   +.........              u - amulet of regeneration
HPRegen 1.16/turn               C - +6 ring of strength
MPRegen 0.15/turn               p - +6 ring of strength

@: ice-form, corroded, gold aura, studying Maces & Flails
A: freezing attack, boosted hp, AC +13, amphibious, large, unfitting armour,
(cold-blooded)
a: End Transformation, Renounce Religion, Potion Petition, Call Merchant, Bribe
Branch


You were on level 2 of the Swamp.
You worshipped Gozag.
Gozag was most pleased with you.
You were a creature of crystalline ice.
You visited 5 branches of the dungeon, and saw 20 of its levels.
You visited 1 bazaar.

You collected 6588 gold pieces.
You spent 104 gold pieces at shops.
You paid 3734 gold pieces to Gozag.

Inventory:

Missiles
 v - 5 throwing nets
Armour
 d - a +0 pair of gloves (melded)
 H - a +1 hat of intelligence (melded)
Magical Staves
 z - a staff of poison
 A - a staff of earth
Jewellery
 f - an amulet of the acrobat
 i - a ring of magical power
 o - the ring of Quoto {rN+ Will+ Int+3}
   (You found it on level 4 of the Dungeon)

   [ring of willpower]

   Int:       It affects your intelligence (+3).
   rN:        It protects you from negative energy.
   Will:      It increases your willpower.
 p - a +6 ring of strength (right front paw)
 u - an amulet of regeneration (around neck)
 x - a ring of protection from cold
 y - a ring of poison resistance
 C - a +6 ring of strength (left front paw)
 F - a ring of protection from cold
 I - a ring of protection from cold
 J - a ring of willpower
 L - a ring of willpower
Wands
 a - a wand of light (11)
 b - a wand of flame (19)
 E - a wand of iceblast (15)
 G - a wand of paralysis (10)
Scrolls
 c - 14 scrolls of teleportation
 e - 6 scrolls of magic mapping
 g - 2 scrolls of silence
 j - 2 scrolls of vulnerability
 l - a scroll of immolation
 q - 9 scrolls of identify
 r - 4 scrolls of fear
 M - a scroll of enchant armour {unknown}
Potions
 h - 3 potions of mutation
 k - 6 potions of flight
 m - 3 potions of heal wounds
 n - 3 potions of curing
 s - 2 potions of brilliance {unknown}
 t - 5 potions of cancellation {unknown}
 w - 3 potions of haste
 B - 2 potions of attraction {unknown}
 D - 3 potions of degeneration {unknown}
 K - 5 potions of ambrosia


   Skills:
 + Level 14.9 Fighting
 - Level 10.4 Dodging
 + Level 14.0 Unarmed Combat
 - Level 2.0 Spellcasting
 + Level 13.8 Transmutations
 - Level 7.0 Ice Magic
 + Level 3.1 Earth Magic


You had 6 spell levels left.
You knew the following spells:

 Your Spells              Type           Power      Damage    Failure   Level
a - Beastly Appendage     Tmut           100%       N/A       1%          1
b - Ice Form              Ice/Tmut       39%        N/A       2%          4
c - Statue Form           Tmut/Erth      21%        N/A       65%         6

Your spell library contained the following spells:

 Spells                   Type           Power      Damage    Failure   Level
 Sting                    Tmut/Pois      100%       1d8       1%          1
 Passwall                 Tmut/Erth      26%        N/A       1%          2
 Wereblood                Tmut           51%        N/A       1%          2
 Spider Form              Tmut/Pois      26%        N/A       3%          3
 Sandblast                Erth           26%        2d8       4%          1
 Petrify                  Tmut/Erth      32%        N/A       5%          4
 Ensorcelled Hibernation  Hex/Ice        28%        N/A       6%          2
 Ignite Poison            Fire/Tmut/Pois 18%        N/A       9%          3
 Apportation              Tloc           2%         N/A       19%         1
 Foxfire                  Conj/Fire      4%         2x1d4     19%         1
 Necrotise                Necr           4%         1d4       19%         1
 Shock                    Conj/Air       4%         1d3       19%         1
 Summon Small Mammal      Summ           4%         N/A       19%         1
 Poisonous Vapours        Pois/Air       2%         N/A       26%         2
 Stone Arrow              Conj/Erth      14%        3d7       28%         3
 Yara's Violent Unravell  Hex/Tmut       13%        3d7       28%         5
 Conjure Flame            Conj/Fire      1%         6-21      47%         3
 Inner Flame              Hex/Fire       1%         N/A       47%         3
 Mephitic Cloud           Conj/Pois/Air  1%         N/A       47%         3
 Summon Guardian Golem    Hex/Summ       1%         N/A       47%         3
 Swiftness                Air            1%         N/A       47%         3
 Tukima's Dance           Hex            1%         N/A       47%         3
 Metabolic Englaciation   Hex/Ice        7%         N/A       75%         5
 Airstrike                Air            0%         0-2+      87%         4
 Flame Wave               Conj/Fire      1%         2d4       87%         4
 Olgreb's Toxic Radiance  Pois           1%         N/A       87%         4
 Passage of Golubria      Tloc           1%         N/A       87%         4
 Freezing Cloud           Conj/Ice/Air   5%         6-21      89%         5
 Fireball                 Conj/Fire      0%         3d3       99%         5
 Iskenderun's Battlesphe  Conj           1%         2d6       99%         5
 Conjure Ball Lightning   Conj/Air       0%         3x3d6     100%        6
 Orb of Destruction       Conj           0%         9d5       100%        7
 Spellforged Servitor     Conj/Summ      0%         N/A       100%        7
 Polar Vortex             Ice            13%        N/A       100%        9
 Simulacrum               Ice/Necr       Unusable   N/A       N/A         6

Dungeon Overview and Level Annotations

Branches:
Dungeon (10/15)            Temple (1/1) D:7            Lair (5/5) D:10
  Swamp (2/4) Lair:3       Spider (0/4) Lair:2        Slime (0/5) Lair:5
    Orc (2/2) D:9             Elf (0/3) Orc:2

Altars:
Ashenzari
Dithmenos
Elyvilon
Fedhas
Gozag
Kikubaaqudgha
Makhleb
Qazlal
Ru
Sif Muna
Trog
Uskayaw
Vehumet
Wu Jian
Xom
Yredelemnul
Zin
The Shining One
Jiyva

Shops:
D:3 *   D:7 ?   Orc:2 =?[!   Lair:4 [?:*

Annotations:
D:9 2 transporters, exclusion: 4 oklob plants, PentaManta's ghost, novice MfBe


Innate Abilities, Weirdness & Mutations

You are a creature of crystalline ice.
You have a powerful freezing melee attack.
Your maximum health is increased.
Your armour is entirely melded.
You are incapable of wielding weapons or throwing items.
((Your dull iron-grey scales are very hard. (AC +13)))
You are amphibious.
You cannot fit into any form of body armour.
((You are cold-blooded and may be slowed by cold attacks.))


Message History

The goliath frog hits you but does no damage.
You squash the alligator like an ant!!!
You freeze the alligator.
You kill the alligator!
The swamp worm bites you! The goliath frog misses you.
Your Unarmed Combat skill increases to level 14!
Your Earth Magic skill increases to level 3!
You pummel the swamp worm!! You freeze the swamp worm!
The swamp worm is almost dead.
The swamp worm misses you.
You closely miss the swamp worm.
The swamp worm is almost dead.
The goliath frog hits you from afar!! The acid corrodes you!
You are splashed with acid.
The swamp worm misses you.
You barely miss the swamp worm.
The swamp worm is almost dead.
The goliath frog hits you but does no damage.
The swamp worm bites you!
You pummel the swamp worm!! You freeze the swamp worm.
You kill the swamp worm!
The goliath frog hits you from afar!
You are splashed with acid.
The goliath frog hits you! The acid corrodes you!
You are splashed with acid!
* * * LOW HITPOINT WARNING * * *
You see here 7 gold pieces.
You barely miss the goliath frog.
The goliath frog is distracted by your dazzling golden aura.
You hit the goliath frog.
The goliath frog seems to slow down.
You freeze the goliath frog.
The goliath frog is no longer distracted by gold.
The goliath frog is lightly wounded.
The goliath frog hits you!
* * * LOW HITPOINT WARNING * * *
The acid corrodes you!
You are splashed with acid!
* * * LOW HITPOINT WARNING * * *
You hit the goliath frog but do no damage.
The goliath frog is lightly wounded.
The goliath frog hits you!!
* * * LOW HITPOINT WARNING * * *
You are splashed with acid!
You die...
Your body crumbles into a pile of gold.

.. ≈..≈≈≈≈≈≈.≈.
≈≈≈≈≈≈≈≈≈≈.§≈≈.≈
≈≈≈≈≈≈...≈≈≈.≈≈≈.≈
...≈≈≈≈♣≈§.≈.≈≈≈.
...≈≈≈≈♣≈♣≈≈.≈♣
♣≈≈.§..<.<...♣≈≈
♣?.♣≈♣$$≈......
♣.≈§≈≈YF...♣
♣..♣$♣§[..♣♣
♣♣.≈≈♣≈≈..♣
♣♣.≈≈≈§≈≈♣♣
♣....≈≈.≈♣
♣♣.♣.♣♣♣≈..♣
♣..≈<♣ ≈≈≈♣
♣≈≈.≈♣♣ ...♣
♣≈[♣♣♣ .♣


You could see a goliath frog (slow).

Vanquished Creatures
  Gastronok (D:9)
  The ghost of BlueGoblin the Fencer, a journeyman MeHu of Qazlal (Orc:1)
  Nessos (Lair:4)
  3 bunyips (Swamp:1)
  The ghost of Malachi the Carver, a journeyman DgFi (Lair:2)
  A shambling mangrove (Swamp:1)
  Harold (Lair:1)
  5 hydras
  3 ogre magi (Orc:2)
  An ice dragon (Lair:5)
  The ghost of Sekuso the Carver, a journeyman OpDe of Okawaru (Orc:1)
  A catoblepas (Lair:3)
  3 alligators
  A death yak (Lair:4)
  Nergalle (Orc:2)
  A spriggan (Swamp:1)
  The ghost of Hanibal the Slicer, a novice KoAr of Nemelex Xobeh (D:6)
  A fire crab (Lair:4)
  Amaemon (D:9)
  A spectral death yak (Lair:2)
  4 goliath frogs (Swamp:1)
  A spectral hydra (Lair:2)
  Pikel (D:5)
  2 bog bodies
  A swamp dragon (Swamp:1)
  2 lindwurms (Lair:5)
  An orc knight (Orc:2)
  8 orc sorcerers (Orc:2)
  A cyclops (Orc:2)
  Maurice (D:8)
  Joseph (D:8)
  7 torpor snails (Lair:5)
  An orange demon (D:9)
  5 cane toads
  12 elephants
  3 black mambas
  A kobold demonologist (D:6)
  Psyche (D:8)
  2 rime drakes
  A freezing wraith (D:9)
  7 komodo dragons
  2 polar bears
  A queen bee (Lair:2)
  3 trolls
  Prince Ribbit (D:8)
  9 hornets
  Grinder (D:4)
  9 tyrant leeches
  3 dream sheep (Lair:5)
  22 blink frogs
  43 yaks
  A shadow (D:10)
  2 fire elementals (Lair:5)
  3 fire bats (Lair:5)
  5 wyverns
  3 steam dragons
  3 vampire mosquitoes (D:10)
  3 redbacks (Lair:2)
  Menkaure (D:7)
  2 swamp worms
  An acid dragon (D:9)
  17 water moccasins
  A swamp drake (Swamp:1)
  14 orc warriors
  A black bear (D:4)
  12 wolves
  2 centaurs
  9 ogres
  A phantom (D:5)
  A gnoll sergeant (Orc:1)
  4 kobold brigands
  8 bullfrogs
  4 necrophages
  4 scorpions (D:5)
  13 wights
  A dream sheep simulacrum (Lair:2)
  35 killer bees
  3 vampire bats (D:5)
  5 howler monkeys
  5 electric eels
  A lava snake (Lair:4)
  6 hounds
  2 gnoll boudas
  3 jellies
  6 orc priests
  Terence (D:2)
  Jessica (D:3)
  Ijyb (D:3)
  2 iguanas
  38 orc wizards
  4 hell rats (Lair:4)
  20 gnolls
  13 adders
  3 shadow imps
  A white imp (D:7)
  A worm (D:4)
  5 dart slugs
  65 orcs
  2 bat skeletons (D:5)
  3 bat zombies (D:5)
  6 endoplasms
  11 goblins
  8 hobgoblins
  8 jackals
  6 ball pythons
  12 bats
  6 frilled lizards
  29 kobolds
  7 rats
622 creatures vanquished.

Vanquished Creatures (others)
  A spriggan (Swamp:1)
  A quokka (D:9)
  21 fungi
  26 plants
49 creatures vanquished.

Grand Total: 671 creatures vanquished

Notes
Turn   | Place    | Note
-------+----------+-------------------------------------------
     0 | D:1      | Essalna the Draconian Transmuter began the quest for the
                  | Orb.
     0 | D:1      | Reached XP level 1. HP: 16/16 MP: 3/3
   179 | D:1      | Reached XP level 2. HP: 17/23 MP: 5/5
   857 | D:1      | Reached XP level 3. HP: 8/29 MP: 6/6
  1116 | D:1      | Found a faded altar of an unknown god.
  1525 | D:2      | Noticed Terence
  1542 | D:2      | Killed Terence
  1543 | D:2      | Reached XP level 4. HP: 20/37 MP: 7/7
  2514 | D:3      | Noticed Jessica
  2517 | D:3      | Noticed Ijyb
  2519 | D:3      | Killed Jessica
  2715 | D:3      | Killed Ijyb
  2716 | D:3      | Reached XP level 5. HP: 37/45 MP: 6/8
  2723 | D:3      | Learned a level 4 spell: Ice Form
  3100 | D:3      | Found Hipsiur's Assorted Antiques.
  3481 | D:4      | Noticed a black bear
  3503 | D:5      | Entered Level 5 of the Dungeon
  3503 | D:5      | Noticed Grinder
  3509 | D:4      | Paralysed by Grinder for 2 turns
  3515 | D:4      | Identified the ring of Quoto {rN+ Will+ Int+3}
  3847 | D:4      | Killed a black bear
  3848 | D:4      | Reached skill level 1 in Ice Magic
  3848 | D:4      | Reached XP level 6. HP: 52/52 MP: 7/9
  4248 | D:4      | Paralysed by Grinder for 3 turns
  4269 | D:4      | Killed Grinder
  4392 | D:5      | Your scales start taking on a dull iron-grey colour.
  4392 | D:5      | Reached XP level 7. HP: 58/60 MP: 8/10
  4429 | D:5      | Reached skill level 5 in Unarmed Combat
  4875 | D:5      | Reached skill level 5 in Fighting
  4886 | D:5      | Reached skill level 5 in Transmutations
  4997 | D:5      | Reached XP level 8. HP: 61/68 MP: 11/11
  5277 | D:5      | Found the +7 Singing Sword {vorpal, sonic wave}
  5489 | D:5      | Found an ancient bone altar of Kikubaaqudgha.
  5705 | D:6      | Noticed Pikel
  5738 | D:5      | Killed Pikel
  5739 | D:5      | Reached skill level 5 in Ice Magic
  5926 | D:6      | Reached XP level 9. HP: 78/78 MP: 8/12
  6102 | D:6      | Found a transporter.
  6116 | D:6      | Noticed a kobold demonologist
  6156 | D:6      | Noticed Hanibal's ghost (novice KoAr)
  6175 | D:6      | Found a transporter.
  6203 | D:6      | Killed a kobold demonologist
  6227 | D:6      | Killed Hanibal's ghost
  7031 | D:7      | Found Qaschem's Magic Scroll Shop.
  7638 | D:7      | Found a staircase to the Ecumenical Temple.
  7646 | Temple   | Entered the Ecumenical Temple
  7713 | Temple   | Became a worshipper of Gozag Ym Sagoz the Greedy
  7902 | D:7      | Noticed Menkaure
  7907 | D:7      | Reached XP level 10. HP: 83/88 MP: 8/13
  7912 | D:7      | Killed Menkaure
  8034 | D:7      | You fall into a shaft and drop 1 floor!
  8471 | D:8      | Noticed Maurice
  8482 | D:8      | Killed Maurice
  8658 | D:8      | Noticed Joseph
  8790 | D:8      | Killed Joseph
  9390 | D:8      | Noticed Prince Ribbit
  9398 | D:8      | Killed Prince Ribbit
  9710 | D:9      | Found a transporter.
 10060 | D:9      | Noticed PentaManta's ghost (novice MfBe)
 10060 | D:9      | Noticed a two-headed ogre
 10062 | D:9      | Noticed a two-headed ogre
 10064 | D:9      | Noticed a two-headed ogre
 10084 | D:9      | Noticed Amaemon
 10084 | D:9      | Noticed an orange demon
 10087 | D:9      | Noticed an oklob plant
 10096 | D:9      | Killed Amaemon
 10235 | D:8      | Noticed Psyche
 10242 | D:8      | Killed Psyche
 10266 | D:9      | Found a transporter.
 10274 | D:9      | Killed an orange demon
 10364 | D:9      | Reached XP level 11. HP: 96/97 MP: 14/14
 11055 | D:9      | Noticed Gastronok
 11284 | D:9      | Killed Gastronok
 11590 | D:9      | Reached skill level 10 in Fighting
 11760 | D:9      | Found a white marble altar of Elyvilon.
 11774 | D:9      | Found a staircase to the Orcish Mines.
 11813 | D:9      | Noticed an oklob plant
 11816 | D:9      | Noticed an oklob plant
 12114 | Orc:1    | Entered Level 1 of the Orcish Mines
 12556 | Orc:2    | Entered Level 2 of the Orcish Mines
 12556 | Orc:2    | Found a flickering gateway to a bazaar.
 12563 | Bazaar   | Entered a bazaar
 12565 | Bazaar   | Found Unnaf's Weapon Boutique.
 12574 | Bazaar   | Found Ixtol's Antique Weapon Shoppe.
 12582 | Bazaar   | Found Ofihug's Magic Scroll Shoppe.
 12590 | Bazaar   | Found Nunaegg's Magic Scroll Emporium.
 12596 | Bazaar   | Found Igryd's Armour Emporium.
 12605 | Bazaar   | Bought an orb of mayhem for 104 gold pieces
 12652 | Orc:2    | Reached skill level 5 in Dodging
 12850 | Orc:2    | Found a staircase to the Elven Halls.
 13169 | Orc:2    | Noticed an orc sorcerer
 13170 | Orc:2    | Noticed an orc sorcerer
 13171 | Orc:2    | Noticed an ogre mage
 13176 | Orc:2    | Killed an orc sorcerer
 13177 | Orc:2    | Reached skill level 10 in Unarmed Combat
 13178 | Orc:2    | Noticed an ogre mage
 13180 | Orc:2    | Killed an orc sorcerer
 13184 | Orc:2    | Killed an ogre mage
 13540 | Orc:2    | Noticed an orc sorcerer
 13553 | Orc:2    | Killed an orc sorcerer
 13554 | Orc:2    | Reached skill level 10 in Transmutations
 13812 | Orc:2    | Found Jeefap's Antique Armour Shoppe.
 13822 | Orc:2    | Killed an ogre mage
 13846 | Orc:2    | Noticed an orc sorcerer
 13861 | Orc:2    | Killed an orc sorcerer
 14013 | Orc:2    | Noticed an orc sorcerer
 14021 | Orc:2    | Killed an orc sorcerer
 14022 | Orc:2    | Reached XP level 12. HP: 110/110 MP: 15/15
 14029 | Orc:2    | Noticed an ogre mage
 14032 | Orc:2    | Found a radiant altar of Vehumet.
 14037 | Orc:2    | Killed an ogre mage
 14352 | Orc:2    | Found Haluu's Magic Scroll Shoppe.
 14396 | Orc:2    | Noticed Nergalle
 14419 | Orc:2    | Killed Nergalle
 14520 | Orc:2    | Found Wotanaso's Jewellery Shoppe.
 14521 | Orc:2    | Found Lousk's Distillery.
 14639 | Orc:2    | Found an ancient bone altar of Kikubaaqudgha.
 15632 | Orc:1    | Found a runed translucent gate.
 15632 | Orc:1    | Found a runed translucent gate.
 15636 | Orc:1    | Found a runed translucent gate.
 15722 | Orc:1    | Noticed Sekuso's ghost (journeyman OpDe)
 15722 | Orc:1    | Noticed BlueGoblin's ghost (journeyman MeHu)
 15878 | Orc:1    | Killed Sekuso's ghost
 15890 | Orc:1    | Killed BlueGoblin's ghost
 16236 | D:10     | Entered Level 10 of the Dungeon
 16495 | D:10     | Found a staircase to the Lair.
 17711 | Lair:1   | Entered Level 1 of the Lair of Beasts
 18173 | Lair:1   | Noticed Harold
 18179 | Lair:1   | Killed Harold
 18329 | Lair:1   | Noticed a five-headed hydra
 18336 | Lair:1   | Killed a five-headed hydra
 18530 | Lair:1   | Noticed a seven-headed hydra
 18538 | Lair:1   | Killed a seven-headed hydra
 19293 | Lair:2   | Reached XP level 13. HP: 102/119 MP: 16/16
 19614 | Lair:2   | HP: 6/142 [poisoned by a black mamba]
 19619 | Lair:2   | HP: 3/142 [poisoned by a black mamba]
 20063 | Lair:2   | Found a runed translucent gate.
 20063 | Lair:2   | Found a runed translucent gate.
 20063 | Lair:2   | Found a runed translucent gate.
 20064 | Lair:2   | Noticed Malachi's ghost (journeyman DgFi)
 20666 | Lair:2   | Found a hole to the Spider Nest.
 21278 | Lair:2   | Killed Malachi's ghost
 22177 | Lair:3   | Identified the +0 scale mail of Elyvilon's Indignation
                  | {Int+3}
 22466 | Lair:3   | Found a staircase to the Swamp.
 24318 | Lair:4   | Noticed Nessos
 24440 | Lair:5   | Entered Level 5 of the Lair of Beasts
 24450 | Lair:5   | Reached XP level 14. HP: 122/130 MP: 12/17
 24927 | Lair:5   | Upgraded the game from 0.29-a0-925-g0a7a3d12f8 to
                  | 0.29-a0-961-gfab03dca74
 25161 | Lair:5   | Found a staircase to the Slime Pits.
 25161 | Lair:5   | Found a viscous altar of Jiyva.
 25427 | Lair:4   | Killed Nessos
 25754 | Lair:5   | Reached skill level 10 in Dodging
 26022 | Lair:5   | Found a runed translucent door.
 26741 | Swamp:1  | Entered Level 1 of the Swamp
 26973 | Swamp:1  | Learned a level 6 spell: Statue Form
 27093 | Swamp:1  | Reached skill level 1 in Earth Magic
 27682 | Swamp:2  | HP: 2/159 [goliath frog (20)]
 27682 | Swamp:2  | Splashed by a goliath frog's acid

Illustrated notes

Levels and vault maps discovered:
D:1:      amcnicky_arrival_wind_blow, layout_basic,
          hellmonk_ecumenical_altar_dog_temple, minmay_octomino_j4
D:2:      layout_rooms, serial_co_window_serial, co_window_cross_1,
          co_window_paths_a, co_window_paths_b, co_window_corner_a,
          co_window_paths_a, co_window_corner_a, co_window_cross_1,
          co_window_corner_ca, co_window_broadway_b, co_window_broadway_c,
          co_window_corner_cb, glass_columns_b, glass_columns_c,
          glass_columns_c, glass_columns_b, glass_columns_c,
          serial_bayou_pond_a, uniq_terence
D:3:      layout_basic, serial_shops, shop, minmay_fractal_squares_gapless_5,
          uniq_ijyb, uniq_jessica
D:4:      layout_loops_ring
D:5:      old_forge, layout_rooms, kennysheep_vampire_church, uniq_grinder
D:6:      layout_rooms, gammafunk_ghost_arena, uniq_pikel
D:7:      layout_basic, jmf_multi_god_temple, minmay_temple_entry_statues,
          serial_shops, shop, uniq_menkaure
D:8:      layout_gridville, uniq_psyche, uniq_maurice, uniq_joseph,
          uniq_prince_ribbit1
D:9:      layout_big_octagon, elyvilon_altar_4, orc_0_dummy,
          gammafunk_ghost_smash, disabler_island, uniq_amaemon, uniq_gastronok
D:10:     layout_loops_corners, erik_lair_island, minivault_25
Temple:   mainiacjoe_temple_coin_purse
Lair:1:   layout_regular_city, uniq_harold
Lair:2:   layout_roguey [special_room_bee], spider_nest_entry_webs,
          gammafunk_ghost_necromancy
Lair:3:   layout_roguey, skrybe_swamp_entry_bodies
Lair:4:   layout_gridlike, beast_lair_carwin_4, uniq_nessos
Lair:5:   wormcave, layout_gridlike, slime_entry_1
Swamp:1:  layout_basic_swamp, nicolae_swamp_bean_lake
Swamp:2:  layout_falls_marsh, nicolae_swamp_treefoil, infiniplex_staircase_pool
Orc:1:    layout_caves, gammafunk_ghost_cemetery
Orc:2:    kennysheep_orc_mage_school, layout_diamond_mine, serial_shops,
          bzr_entry_islet, basic_altar

Skill      XL: |  1  2  3  4  5  6  7  8  9 10 11 12 13 14 |
---------------+-------------------------------------------+-----
Fighting       | 2 3 4 5 6 8 9 11 12 13 14 | 14.9
Transmutations | 3 4 5 6 7 8 10 11 12 13 | 13.8
Unarmed Combat | 4 5 6 8 9 10 11 12 14 | 14.0
Ice Magic      | 1 2 3 5 6 7 |  7.0
Dodging        | 3 6 7 9 10 | 10.4
Earth Magic    | 3 |  3.1
Spellcasting   | |  2.0

Action                   |  1- 3 |  4- 6 |  7- 9 | 10-12 | 13-15 || total
-------------------------+-------+-------+-------+-------+-------++-------
Melee: Unarmed           |   112 |   127 |   278 |   658 |   720 ||  1895
       Tailslap          |     9 |     8 |    20 |     2 |     4 ||    43
       Kick              |     6 |    32 |    47 |       |       ||    85
       Headbutt          |     2 |    20 |    34 |       |       ||    56
       Punch             |     1 |     2 |     6 |       |     2 ||    11
 Cast: Beastly Appendage |     8 |    33 |    22 |     1 |     2 ||    66
       Ice Form          |       |       |    12 |    73 |    70 ||   155
Invok: Call Merchant     |       |       |       |       |     4 ||     4
  Use: Potion            |     2 |     1 |       |     2 |     2 ||     7
       Scroll            |       |     7 |     7 |     1 |     5 ||    20
 Stab: Sleeping          |       |     1 |     1 |       |       ||     2
       Distracted        |       |       |       |     4 |     7 ||    11
Armor: Skin              |    27 |    27 |   101 |   189 |   213 ||   557
Dodge: Dodged            |    77 |    76 |   188 |   461 |   401 ||  1203

Table legend: (Time is in decaauts)
 A = Elapsed time spent in this place.
 B = Non-inter-level travel time spent in this place.
 C = Inter-level travel time spent in this place.
 D = Time resting spent in this place.
 E = Time spent auto-exploring this place.
 F = Levels seen in this place.
 G = Mean time per level.
                   A        B        C        D        E       F      G
               +--------+--------+--------+--------+--------+-----+--------+
         Total |  27369 |  26620 |    749 |   2229 |  19986 |  21 | 1303.3 |
       Dungeon |  13644 |  13266 |    378 |   1571 |   9502 |  10 | 1364.4 |
        Temple |     80 |     62 |     18 |      0 |     49 |   1 |   80.0 |
          Lair |   8891 |   8660 |    231 |    572 |   6766 |   5 | 1778.2 |
         Swamp |    915 |    894 |     21 |      0 |    708 |   2 |  457.5 |
  Orcish Mines |   3760 |   3659 |    101 |     86 |   2925 |   2 | 1880.0 |
        Bazaar |     77 |     77 |      0 |      0 |     36 |   1 |   77.0 |
               +--------+--------+--------+--------+--------+-----+--------+

Top non-repeatable levels by time:
   Orc:2: 2660 daAuts
     D:8: 2631 daAuts
  Lair:2: 2480 daAuts
  Lair:5: 1865 daAuts
  Lair:4: 1714 daAuts
     D:9: 1643 daAuts
  Lair:1: 1473 daAuts
    D:10: 1463 daAuts
     D:5: 1362 daAuts
  Lair:3: 1357 daAuts
     D:1: 1297 daAuts
     D:7: 1270 daAuts
     D:2: 1224 daAuts
   Orc:1: 1099 daAuts
     D:4: 983 daAuts
